 Dungeon Crawl Stone Soup version 0.31-a0-590-g8a5a4361df (webtiles) character file.

Game seed: 12651426165000924530

1551 Mickster the Cleaver (level 8, -2/106 HPs)
             Began as a Hill Orc Berserker on Aug 19, 2023.
             Was a Priest of Trog.
             Slain by a gnoll
             ... wielding a +0 spear
             ... led by a gnoll sergeant
              (7 damage)
             ... on level 6 of the Dungeon on Aug 20, 2023.
             The game lasted 00:33:27 (5083 turns).

Mickster the Cleaver (Hill Orc Berserker)           Turns: 5083, Time: 00:33:28

Health: -2/106     AC:  8    Str: 22    XL:     8   Next: 88%
Magic:  8/8        EV: 10    Int:  7    God:    Trog [***...]
Gold:   316        SH:  0    Dex: 10    Spells: 7/7 levels left

rFire   + . .        k - +7 great mace
rCold   . . .        (shield currently unavailable)
rNeg    . . .        g - +0 scale mail
rPois   .            o - +0 helmet
rElec   .            (no cloak)
rCorr   .            (no gloves)
SInv    .            (no boots)
Will    .....        (no amulet)
Stlth   x              - ring of protection from fire
HPRegen 0.37/turn    (no ring)
MPRegen 0.11/turn

%: no passive effects
@: berserking, very quick
A: no striking features
a: Renounce Religion, Berserk, Trog's Hand


You were on level 6 of the Dungeon.
You worshipped Trog.
Trog was most pleased with you.
You visited 1 branch of the dungeon, and saw 6 of its levels.
You also visited: Sewer.

You collected 316 gold pieces.

Inventory:

Hand Weapons
 a - a +0 hand axe
 k - a +7 great mace (weapon)
 p - a +0 dagger of speed
Missiles
 i - 75 stones
 r - 16 poisoned darts (quivered)
 s - 12 boomerangs
Armour
 g - a +0 scale mail (worn)
 l - a +0 kite shield
 o - a +0 helmet (worn)
Jewellery
 d - a ring of wizardry
 x - a ring of protection from fire (left hand)
Talismans
 n - a beast talisman
 z - a blade talisman
Wands
 y - a wand of paralysis (8)
 B - a wand of polymorph (8)
Scrolls
 f - a scroll of fear
 v - a scroll of silence
 w - a scroll of blinking
 A - a scroll of identify
Potions
 b - a potion of attraction {unknown}
 c - a potion of invisibility {unknown}
 e - 2 potions of curing {unknown}
 h - a potion of might
 j - a potion of magic
 m - a potion of brilliance
 t - a potion of lignification {unknown}
 u - a potion of berserk rage
 C - a potion of haste {unknown}


   Skills:
 + Level 6.4 Fighting
 - Level 8.9(10.0) Axes
 * Level 5.9(7.6) Maces & Flails
 + Level 4.7 Armour
 + Level 2.5 Dodging
 + Level 0.1 Stealth
 + Level 2.7 Shields


You had 7 spell levels left.
You didn't know any spells.
Your spell library was empty.

Dungeon Overview and Level Annotations

Branches:
Dungeon (6/15)              Sewer (visited)
 Temple: D:4-7

Altars:
Fedhas
Okawaru
Qazlal
Sif Muna
Vehumet
Xom
The Shining One


Message History

You feel yourself moving faster!
You feel mighty!
You can no longer call in reinforcements.
The gnoll hits you but does no damage. The gnoll hits you with a +0 flail!
The gnoll sergeant barely misses you. The gnoll barely misses you.
You thump the gnoll!
The gnoll is almost dead.
The gnoll hits you from afar with a +0 spear.
The gnoll barely misses you.
The gnoll sergeant hits you from afar with a +0 trident.
The gnoll hits you from afar with a +0 spear.
You sock the gnoll!
You feel the power of Trog in you as your rage grows.
You kill the gnoll!
Trog accepts your kill.
The gnoll hits you from afar with a +0 spear.
* * * LOW HITPOINT WARNING * * *
The gnoll sergeant completely misses you.
The gnoll hits you with a +0 spear.
* * * LOW HITPOINT WARNING * * *
You sock the gnoll!
The gnoll is almost dead.
The gnoll hits you from afar with a +0 spear!
* * * LOW HITPOINT WARNING * * *
The gnoll hits you with a +0 spear.
* * * LOW HITPOINT WARNING * * *
The gnoll sergeant closely misses you.
You closely miss the gnoll.
The gnoll is almost dead.
The gnoll hits you with a +0 spear.
* * * LOW HITPOINT WARNING * * *
The gnoll sergeant hits you but does no damage.
The gnoll hits you but does no damage.
You thump the gnoll!
You kill the gnoll!
Trog accepts your kill. The gnoll misses you.
The gnoll sergeant hits you with a +0 trident!
* * * LOW HITPOINT WARNING * * *
The gnoll hits you with a +0 spear!
You die...

.# .# #####.###
#######........
#...........#
#...........#
##...........######
##........).).......
#..#######$.@.#####
##.### #.)gg...# #....#
#.......... #....#
#.......### ####....#
#..?....#
...#....#....#.........
...##.###....##.######..
......###....##.# +#
...###..+....#


You could see a gnoll sergeant and a gnoll.

Vanquished Creatures
  2 ogres (D:4)
  A phantom (D:5)
  2 bullfrogs (Sewer)
  The ghost of dxb338 the Changeling, an amateur FeSh (D:4)
  6 necrophages (D:4)
  2 scorpions
  2 hounds (D:5)
  A jelly (D:4)
  An orc priest (D:4)
  2 gnoll boudas
  2 iguanas (D:4)
  A scorpion zombie (D:4)
  A hound zombie (D:4)
  6 adders
  14 gnolls
  A river rat (D:4)
  A shadow imp (D:6)
  An adder zombie (D:4)
  3 worms
  3 dart slugs
  14 orcs
  3 bats
  12 endoplasms
  22 giant cockroaches
  4 goblins
  7 hobgoblins
  10 quokkas
  6 ball pythons
  16 frilled lizards
  9 kobolds
  11 rats
167 creatures vanquished.

Notes
Turn   | Place    | Note
-------+----------+-------------------------------------------
     0 | D:1      | Mickster the Hill Orc Berserker began the quest for the
                  | Orb.
     0 | D:1      | Reached XP level 1. HP: 19/19 MP: 1/1
   129 | D:1      | Reached XP level 2. HP: 22/27 MP: 2/2
   584 | D:2      | Found a glowing golden altar of the Shining One.
   655 | D:2      | Reached XP level 3. HP: 29/33 MP: 3/3
  1167 | D:2      | Reached ** piety under Trog
  1477 | D:3      | Reached skill level 5 in Axes
  1542 | D:3      | Reached XP level 4. HP: 37/41 MP: 4/4
  1740 | D:3      | Noticed a scorpion
  1755 | D:3      | Killed a scorpion
  1756 | D:3      | Reached XP level 5. HP: 32/47 MP: 5/5
  2194 | D:3      | Reached skill level 1 in Shields
  2559 | D:4      | Reached skill level 6 in Axes
  2569 | D:4      | Reached XP level 6. HP: 36/53 MP: 6/6
  2811 | D:4      | Found a glowing drain.
  2844 | Sewer    | Entered a sewer
  2937 | Sewer    | Reached *** piety under Trog
  3087 | Sewer    | Reached skill level 7 in Axes
  3137 | Sewer    | Reached skill level 5 in Fighting
  3139 | Sewer    | Reached XP level 7. HP: 61/61 MP: 7/7
  3347 | D:4      | Found an iron altar of Okawaru.
  3529 | D:4      | Found a shimmering blue altar of Sif Muna.
  3624 | D:4      | Found a radiant altar of Vehumet.
  3650 | D:4      | Found a transporter.
  3653 | D:4      | Found a transporter.
  3653 | D:4      | Noticed dxb338's ghost (amateur FeSh)
  3665 | D:4      | Killed dxb338's ghost
  3666 | D:4      | Reached skill level 8 in Axes
  3789 | D:4      | Reached skill level 1 in Maces & Flails
  3884 | D:4      | Reached XP level 8. HP: 63/69 MP: 8/8
  4018 | D:4      | Found a blossoming altar of Fedhas.
  4053 | D:4      | Reached **** piety under Trog
  4153 | D:5      | Entered Level 5 of the Dungeon
  4227 | D:5      | Found a shimmering altar of Xom.
  4353 | D:5      | Found a stormy altar of Qazlal.
  4443 | D:5      | Reached skill level 5 in Maces & Flails
  5082 | D:6      | HP: 5/106 [gnoll sergeant/+0 trident (10)]
  5083 | D:6      | Slain by a gnoll

Illustrated notes

Levels and vault maps discovered:
D:1:      minmay_arrival_glassed_features, layout_rooms
D:2:      layout_basic, basic_altar, serial_glass, glass_columns_c,
          glass_columns_c, minmay_strange_pillars, feat_on_display
D:3:      layout_basic
D:4:      layout_loops_cross, old_standard_altar, mainiacjoe_overflow_alcove_2,
          nicolae_sif_muna_condensation, fedhas_altar_decomposition,
          portal_sewer_entry_e, gammafunk_ghost_smash
D:5:      layout_gridville, kennysheep_mini_moat, marbit_many_paths,
          minmay_misc_feat_alley
D:6:      minmay_razor_zed, layout_basic, uniq_sigmund, uniq_grinder

Skill      XL: |  1  2  3  4  5  6  7  8 |
---------------+-------------------------+-----
Fighting       | 4 5 6 |  6.4
Axes           | 5 6 7 8 |  8.9
Dodging        | 2 |  2.5
Armour         | 3 4 |  4.7
Shields        | 1 2 |  2.7
Maces & Flails | 1 5 |  5.9
Stealth        | |  0.1

Action                     |  1- 3 |  4- 6 |  7- 9 || total
---------------------------+-------+-------+-------++-------
  Melee: Hand axe          |   119 |   273 |    36 ||   428
         Punch             |     1 |       |       ||     1
         Great mace        |       |       |   104 ||   104
 Invoke: Berserk           |     1 |     4 |     5 ||    10
         Trog's Hand       |       |     2 |       ||     2
         Brothers in Arms  |       |       |     1 ||     1
    Use: Scroll            |     5 |     5 |     2 ||    12
         Potion            |       |       |     1 ||     1
 Armour: Animal skin       |    11 |       |       ||    11
         Scale mail        |    22 |   136 |    59 ||   217
         Ring mail         |     5 |       |       ||     5
  Dodge: Dodged            |    69 |   124 |    66 ||   259
  Block: Kite shield       |     7 |   126 |    11 ||   144

Table legend: (Time is in decaauts)
 A = Elapsed time spent in this place.
 B = Non-inter-level travel time spent in this place.
 C = Inter-level travel time spent in this place.
 D = Time resting spent in this place.
 E = Time spent auto-exploring this place.
 F = Levels seen in this place.
 G = Mean time per level.
                   A        B        C        D        E       F      G
               +--------+--------+--------+--------+--------+-----+--------+
         Total |   5332 |   5271 |     61 |    285 |   2382 |   7 |  761.7 |
       Dungeon |   4876 |   4815 |     61 |    285 |   2382 |   6 |  812.7 |
         Sewer |    456 |    456 |      0 |      0 |      0 |   1 |  456.0 |
               +--------+--------+--------+--------+--------+-----+--------+

Top non-repeatable levels by time:
     D:4: 1328 daAuts
     D:3: 1142 daAuts
     D:2: 875 daAuts
     D:5: 818 daAuts
     D:1: 580 daAuts
   Sewer: 456 daAuts
     D:6: 131 daAuts
